 Dungeon Crawl Stone Soup version 0.29.1-1-gd02db6906a (webtiles) character file.

Game seed: 14122058847643341414

199 tardwrangler69 the Digger (level 5, -1/31 HPs)
             Began as an Octopode Earth Elementalist on Oct 4, 2022.
             Was an Initiate of Vehumet.
             Slain by a lemure (5 damage)
             ... led by Pikel
             ... on level 3 of the Dungeon.
             The game lasted 00:02:23 (2670 turns).

tardwrangler69 the Digger (OpEE)                    Turns: 2670, Time: 00:02:23

Health: -1/31      AC:  3    Str:  8    XL:     5   Next: 77%
Magic:  10/11      EV: 13    Int: 19    God:    Vehumet [......]
Gold:   247        SH:  0    Dex: 12    Spells: 11/12 levels left

rFire   . . .      SeeInvis .   (no weapon)
rCold   . . .      Faith    .   (no shield)
rNeg    . . .      Spirit   .   g - +2 hat
rPois   .          Reflect  .   c - amulet of magic regeneration
rElec   .          Harm     .   (no ring)
rCorr   .          Rampage  .   (no ring)
Will    .....                   (no ring)
Stlth   +++.......              (no ring)
HPRegen 0.10/turn               (no ring)
MPRegen 0.52/turn               (no ring)
                                (no ring)
                                (no ring)

@: no status effects
A: almost no armour, amphibious, 8 rings, camouflage 1, gelatinous body 1,
(nimble swimmer 1), tentacles
a: Renounce Religion


You were on level 3 of the Dungeon.
You worshipped Vehumet.
Vehumet was noncommittal.
You visited 1 branch of the dungeon, and saw 4 of its levels.

You collected 247 gold pieces.

Inventory:

Armour
 g - a +2 hat (worn)
Jewellery
 c - an amulet of magic regeneration (around mantle)
Wands
 o - a wand of flame (22)
 q - a wand of charming (14)
Scrolls
 e - 4 scrolls of identify {unknown}
 f - 3 scrolls of noise {unknown}
 i - a scroll of vulnerability {unknown}
 l - a scroll of immolation {unknown}
 r - 2 scrolls of magic mapping {unknown}
Potions
 a - 2 potions of magic
 b - 2 potions of lignification {unknown}
 d - a potion of flight {unknown}
 h - a potion of resistance {unknown}
 j - a potion of might {unknown}
 k - a potion of berserk rage
 m - a potion of mutation {unknown}
 n - 2 potions of haste {unknown}
 p - 4 potions of curing {unknown}


   Skills:
 - Level 2.0 Dodging
 - Level 2.6 Stealth
 + Level 4.0 Spellcasting
 - Level 1.0 Transmutations
 + Level 4.9 Earth Magic


You had 11 spell levels left.
You knew the following spells:

 Your Spells              Type           Power      Damage    Failure   Level
a - Sandblast             Erth           44%        2d11      1%          1

Your spell library contained the following spells:

 Spells                   Type           Power      Damage    Failure   Level
 Passwall                 Tmut/Erth      12%        N/A       6%          2
 Stone Arrow              Conj/Erth      26%        3d8       16%         3
 Gell's Gravitas          Tloc           3%         N/A       38%         3
 Lesser Beckoning         Tloc           3%         N/A       38%         3
 Teleport Other           Tloc           3%         N/A       38%         3
 Petrify                  Tmut/Erth      15%        N/A       38%         4


Dungeon Overview and Level Annotations

Branches:
Dungeon (4/15)
 Temple: D:4-7

Altars:
Ashenzari
Kikubaaqudgha
Vehumet
Xom
The Shining One

Annotations:
D:4 Pikel


Innate Abilities, Weirdness & Mutations

You cannot wear most types of armour.
You are amphibious.
You can wear up to eight rings at the same time.
Your skin changes colour to match your surroundings (Stealth+).
Your rubbery body absorbs attacks. (AC +1, EV +1)
((You are camouflaged when in or above water. (Stealth+)))
You have tentacles for arms and can constrict up to eight enemies at once.


Message History

Press: ? - help, Shift-Dir - straight line, f - lemure
Aim: a lemure (79% to hit)
The blast of sand misses the lemure.
The lemure hits you but does no damage. The lemure hits you!
Casting: Sandblast (safe; 1% risk of failure)
Confirm with . or Enter, or press ? or * to list all spells.
Aiming: Sandblast (safe; 1% risk of failure)
Press: ? - help, Shift-Dir - straight line, f/p - lemure
Aim: a lemure (79% to hit)
The blast of sand hits the lemure.
The lemure is lightly wounded.
The lemure closely misses you.
Casting: Sandblast (safe; 1% risk of failure)
Confirm with . or Enter, or press ? or * to list all spells.
Aiming: Sandblast (safe; 1% risk of failure)
Press: ? - help, Shift-Dir - straight line, f/p - lemure
Aim: a lemure (lightly wounded, 79% to hit)
The blast of sand hits the lemure!
The lemure is moderately wounded.
The lemure closely misses you. The lemure barely misses you.
Casting: Sandblast (safe; 1% risk of failure)
Confirm with . or Enter, or press ? or * to list all spells.
Aiming: Sandblast (safe; 1% risk of failure)
Press: ? - help, Shift-Dir - straight line, f/p - lemure
Aim: a lemure (moderately wounded, 79% to hit)
The blast of sand hits the lemure!
The lemure is severely wounded.
The lemure hits you!
* * * LOW HITPOINT WARNING * * *
Casting: Sandblast (safe; 1% risk of failure)
Confirm with . or Enter, or press ? or * to list all spells.
Aiming: Sandblast (safe; 1% risk of failure)
Press: ? - help, Shift-Dir - straight line, f/p - lemure
Aim: a lemure (severely wounded, 79% to hit)
The blast of sand hits the lemure!
The lemure is almost dead.
The lemure hits you.
* * * LOW HITPOINT WARNING * * *
The lemure hits you.
You die...

#.#.#.##.# #.# #.#
#.#....#.###.######.#
#.#...............#.#
####.#..........####.#.#
#....#.....###### #.#.#
#.#..##...## ##.#.####
#.#..###.## #.).....#
#####.#....†.##########.......#
......#.........@5)...#.......###
#####################.#..........
##............. #
##.......>....## ##
#............## .# #......###.###
.# #.#...## ##..# ## #.##..# #..#
_# #.###[## ##..# #


You could see a lemure.

Vanquished Creatures
  2 orc priests (D:3)
  Robin (D:3)
  4 adders
  A dart slug (D:1)
  12 orcs (D:3)
  12 ball pythons
  4 bats (D:2)
  6 endoplasms
  4 giant cockroaches
  12 goblins
  5 hobgoblins
  6 kobolds
  3 frilled lizards
  7 rats
79 creatures vanquished.

Notes
Turn   | Place    | Note
-------+----------+-------------------------------------------
     0 | D:1      | tardwrangler69 the Octopode Earth Elementalist began the
                  | quest for the Orb.
     0 | D:1      | Reached XP level 1. HP: 11/11 MP: 3/3
   115 | D:1      | Reached XP level 2. HP: 17/17 MP: 1/5
   623 | D:1      | Reached XP level 3. HP: 15/21 MP: 6/6
   941 | D:2      | Found a faded altar of an unknown god.
  1322 | D:2      | Reached XP level 4. HP: 24/27 MP: 6/8
  1684 | D:3      | Found a radiant altar of Vehumet.
  1686 | D:3      | Found a shimmering altar of Xom.
  1686 | D:3      | Found an ancient bone altar of Kikubaaqudgha.
  1694 | D:3      | Became a worshipper of Vehumet
  1795 | D:3      | Noticed Robin
  1804 | D:3      | Killed Robin
  1892 | D:3      | Reached XP level 5. HP: 31/31 MP: 8/10
  1900 | D:3      | HP: 1/46 [orc priest/+0 dagger (3)]
  2225 | D:3      | Found a broken altar of Ashenzari.
  2227 | D:3      | Found a glowing golden altar of the Shining One.
  2619 | D:4      | Noticed Pikel
  2619 | D:4      | Noticed a lemure
  2619 | D:4      | Noticed a lemure
  2619 | D:4      | Noticed a lemure
  2619 | D:4      | Noticed a lemure
  2670 | D:3      | Slain by a lemure

Illustrated notes

Levels and vault maps discovered:
D:1:      wander_arrival_fairy_ring, layout_basic
D:2:      wander_river, layout_basic, chequers_ecumenical_altar_twisty,
          minmay_circle_x
D:3:      layout_loops_ring, chequers_temple_overflow_statue_of_worship,
          minitemple, uniq_robin
D:4:      layout_basic, nicolae_sif_muna_little_library, lemuel_round_altar,
          minmay_temple_entry_antechambers, uniq_crazy_yiuf_cottage, uniq_pikel

Skill      XL: |  1  2  3  4  5 |
---------------+----------------+-----
Spellcasting   | 3 4 |  4.0
Earth Magic    | 4 |  4.9
Dodging        | |  2.0
Stealth        | |  2.6
Transmutations | |  1.0

Action                   |  1- 3 |  4- 6 || total
-------------------------+-------+-------++-------
Melee: Unarmed           |     1 |     5 ||     6
       Constrict         |     1 |     2 ||     3
       Tentacles         |     1 |     2 ||     3
 Cast: Sandblast         |    46 |    54 ||   100
  Use: Potion            |       |     1 ||     1
Armor: Skin              |     6 |     4 ||    10
Dodge: Dodged            |    15 |    18 ||    33
